 Dungeon Crawl Stone Soup version 0.27.1-35-g4d5d836560 (webtiles) character file.

Game seed: 8608805856025916334

1133 Delamore the Slicer (level 8, 0/50 HPs)
             Began as an Octopode Brigand on Apr 28, 2022.
             Was an Initiate of Gozag.
             Slain by a centaur zombie (4 damage)
             ... on level 5 of the Dungeon.
             The game lasted 00:06:37 (6149 turns).

Delamore the Slicer (Octopode Brigand)              Turns: 6149, Time: 00:06:38

Health: 0/50       AC:  1    Str: 11    XL:     8   Next: 36%
Magic:  8/8        EV: 12    Int: 13    God:    Gozag
Gold:   220        SH:  5    Dex: 15    Spells: 7/7 levels left

rFire    . . .     SeeInvis .   a - +2 dagger
rCold    . . .     Faith    .   i - +0 buckler
rNeg     . . .     Spirit   .   (helmet restricted)
rPois    .         Reflect  .   (no amulet)
rElec    .         Harm     .   n - ring of resist corrosion
rCorr    +         Rampage  .   (no ring)
Will     .....                  (no ring)
Stlth    ++++......             (no ring)
HPRegen  0.16/turn              (no ring)
MPRegen  0.11/turn              (no ring)
                                (no ring)
                                (no ring)

@: gold aura
A: almost no armour, amphibious, 8 rings, camouflage 1, gelatinous body 1,
(nimble swimmer 1), tentacles
a: Renounce Religion, Potion Petition, Call Merchant, Bribe Branch


You were on level 5 of the Dungeon.
You worshipped Gozag.
Gozag was aware of your devotion.
You visited 2 branches of the dungeon, and saw 6 of its levels.

You collected 478 gold pieces.
You spent 99 gold pieces at shops.
You paid 159 gold pieces to Gozag.

Inventory:

Hand Weapons
 a - a +2 dagger (weapon)
Missiles
 b - 2 poisoned darts (quivered)
 r - 7 boomerangs
Armour
 i - a +0 buckler (worn)
 x - a +0 kite shield
Jewellery
 n - a ring of resist corrosion (left tentacle)
Wands
 u - a wand of mindburst (14)
 y - a wand of paralysis (6)
Scrolls
 e - 2 scrolls of torment
 g - a scroll of fear
 m - 2 scrolls of noise
 o - a scroll of vulnerability
 t - a scroll of fog {unknown}
 v - a scroll of enchant weapon {unknown}
 w - a scroll of magic mapping {unknown}
Potions
 d - a potion of mutation {unknown}
 f - 2 potions of cancellation {unknown}
 h - a potion of haste {unknown}
 j - 2 potions of curing
 k - a potion of lignification {unknown}
 p - a potion of brilliance {unknown}
 q - a potion of attraction {unknown}
 s - 2 potions of degeneration


   Skills:
 - Level 2.0 Fighting
 * Level 8.8 Short Blades
 - Level 2.0 Throwing
 - Level 1.0 Dodging
 - Level 5.8 Stealth
 - Level 4.0 Shields


You had 7 spell levels left.
You didn't know any spells.
Your spell library contained the following spells:

 Spells                   Type           Power      Damage    Failure   Level
 Freeze                   Ice            0%         1d3       30%         1
 Slow                     Hex            0%         N/A       43%         2
 Confusing Touch          Hex            0%         N/A       67%         3
 Frozen Ramparts          Ice            0%         1d2       67%         3
 Ignite Poison            Fire/Tmut/Pois 0%         N/A       67%         3
 Mephitic Cloud           Conj/Pois/Air  0%         N/A       67%         3
 Vampiric Draining        Necr           0%         2d6       67%         3
 Hailstorm                Conj/Ice       0%         3d3       97%         4
 Bolt of Magma            Conj/Fire/Erth 0%         4d4       100%        5


Dungeon Overview and Level Annotations

Branches:
Dungeon (5/15)             Temple (1/1) D:5

Altars:
Ashenzari
Cheibriados
Dithmenos
Elyvilon
Fedhas
Gozag
Makhleb
Nemelex Xobeh
Ru
Sif Muna
Trog
Uskayaw
Vehumet
Xom
The Shining One

Shops:
D:3 (   D:4 !


Innate Abilities, Weirdness & Mutations

You cannot wear most types of armour.
You are amphibious.
You can wear up to eight rings at the same time.
Your skin changes colour to match your surroundings (Stealth+).
Your rubbery body absorbs attacks. (AC +1, EV +1)
((You are camouflaged near water. (Stealth+)))
You have tentacles for arms and can constrict up to eight enemies at once.


Message History

Press: ? - help, Shift-Dir - straight line, f/p - wyvern
Aim: a wyvern (heavily wounded, chance to affect: 65%)
The wyvern struggles to resist.
The wyvern bites you!
Unknown command.
Throw: dart (curare)
Press: ? - help, Q - select action, (/) - cycle Shift-Dir - straight line, f/p - wyvern
Aim: a wyvern (heavily wounded, 60% to hit)
You throw a curare-tipped dart.
The curare-tipped dart barely misses the wyvern.
The wyvern bites you! x2
* * * LOW HITPOINT WARNING * * *
You feel much better.
The centaur zombie is no longer distracted by gold.
The wyvern closely misses you. You block the centaur zombie's attack.
The centaur zombie kicks you.
Aiming: Mindburst
Press: ? - help, Shift-Dir - straight line, f/p - wyvern
Aim: a wyvern (heavily wounded, chance to affect: 65%)
The wyvern's mind is blasted!
The wyvern misses you. The centaur zombie hits you.
The centaur zombie kicks you. The wyvern bites you!!
* * * LOW HITPOINT WARNING * * *
You block the centaur zombie's attack. The centaur zombie closely misses you.
Okay, then.
Aiming: Mindburst
Press: ? - help, Shift-Dir - straight line, f/p - wyvern
Aim: a wyvern (almost dead, chance to affect: 65%)
The wyvern struggles to resist.
The wyvern completely misses you. The centaur zombie hits you.
* * * LOW HITPOINT WARNING * * *
The centaur zombie kicks you.
* * * LOW HITPOINT WARNING * * *
Aiming: Mindburst
Press: ? - help, Shift-Dir - straight line, f/p - wyvern
Aim: a wyvern (almost dead, chance to affect: 65%)
The wyvern's mind is blasted!
You blow up the wyvern!
The centaur zombie hits you.
You die...
Your body crumbles into a pile of gold.

...####################..#
##.......................#
##.......................#
#######################$.#
# ..ZZh#.(...#.....#$.# #
#....YZ#....$#..(..#..# #
#+###..#..#$$#$.#(.#$.# $
#..#Y.#$$#..#.$#(.#
#.....#$Z@).#....(#
$$$#.... #$....#.....#
#############


You could see a centaur zombie.

Vanquished Creatures
  A wyvern (D:5)
  A black bear (D:3)
  2 ogres (D:5)
  Blork the orc (D:5)
  A phantom (D:5)
  A gnoll sergeant (D:5)
  A scorpion (D:5)
  2 water moccasin skeletons
  A bullfrog zombie (D:5)
  3 bullfrog skeletons
  A gnoll shaman (D:5)
  3 hounds (D:5)
  An iguana (D:5)
  A centaur skeleton (D:3)
  An orc wizard (D:5)
  A hound skeleton (D:5)
  Robin (D:2)
  3 gnolls (D:5)
  5 adders
  A white imp (D:5)
  2 worms (D:2)
  2 dart slugs
  4 orcs
  4 bats
  8 endoplasms
  2 giant cockroaches
  8 hobgoblins
  3 jackals (D:5)
  4 quokkas
  5 ball pythons
  2 frilled lizards
  17 goblins
  5 kobolds
  5 rats
103 creatures vanquished.

Notes
Turn   | Place    | Note
-------+----------+-------------------------------------------
     0 | D:1      | Delamore the Octopode Brigand began the quest for the Orb.
     0 | D:1      | Reached XP level 1. HP: 14/14 MP: 1/1
   122 | D:1      | Found a faded altar of an unknown god.
   191 | D:1      | Reached XP level 2. HP: 7/19 MP: 2/2
  1281 | D:2      | Reached skill level 3 in Short Blades
  1297 | D:2      | Reached XP level 3. HP: 24/24 MP: 3/3
  1413 | D:2      | Noticed Robin
  1886 | D:2      | Killed Robin
  1887 | D:2      | Reached skill level 1 in Shields
  1887 | D:2      | Reached XP level 4. HP: 27/29 MP: 4/4
  2505 | D:3      | Reached skill level 4 in Short Blades
  2650 | D:3      | Reached XP level 5. HP: 25/34 MP: 5/5
  2942 | D:3      | Noticed a black bear
  2951 | D:3      | Killed a black bear
  2952 | D:3      | Reached skill level 5 in Short Blades
  2952 | D:3      | Reached XP level 6. HP: 27/39 MP: 6/6
  3526 | D:3      | Found Zorur's Antique Weapon Emporium.
  3838 | D:4      | Found Vaupeo's Distillery.
  3841 | D:4      | Bought a potion of heal wounds for 55 gold pieces
  3841 | D:4      | Bought a potion of curing for 33 gold pieces
  3841 | D:4      | Bought a potion of degeneration for 11 gold pieces
  4632 | D:5      | Entered Level 5 of the Dungeon
  4702 | D:5      | Reached skill level 6 in Short Blades
  4904 | D:5      | Reached XP level 7. HP: 45/45 MP: 7/7
  4996 | D:5      | Noticed Blork the orc
  5003 | D:5      | Killed Blork the orc
  5013 | D:5      | Found a hide-covered altar of Uskayaw.
  5122 | D:5      | Found a staircase to the Ecumenical Temple.
  5150 | D:5      | Reached skill level 7 in Short Blades
  5177 | Temple   | Entered the Ecumenical Temple
  5445 | Temple   | Became a worshipper of Gozag Ym Sagoz the Greedy
  5764 | D:5      | Reached XP level 8. HP: 40/50 MP: 8/8
  5948 | D:5      | Reached skill level 8 in Short Blades
  5981 | D:5      | Noticed a wyvern
  6149 | D:5      | Killed a wyvern
  6149 | D:5      | Slain by a centaur zombie

Illustrated notes

Levels and vault maps discovered:
D:1:      dpeg_arrival_stone_temple_mockup, layout_basic,
          shapermc_ecumenical_altar_notcrosses
D:2:      layout_rooms, chequers_decorated_corner,
          amcnicky_mini_rare_corridor_liquid, uniq_robin
D:3:      cheibrodos_helix_gallery, layout_basic, serial_shops,
          nicolae_lakefront_shop, minmay_quantized
D:4:      layout_cave_pods, serial_shops, nicolae_shop_behind_doors
D:5:      kennysheep_windowed_halls, layout_basic, nicolae_uskayaw_suspiria,
          minmay_temple_entry_glassed_door, uniq_blork_the_orc
Temple:   minmay_temple_curvy_branch

Skill      XL: |  1  2  3  4  5  6  7  8 |
---------------+-------------------------+-----
Short Blades   | 3 4 5 6 7 8 |  8.8
Shields        | 1 2 3 4 |  4.0
Fighting       | |  2.0
Throwing       | |  2.0
Dodging        | |  1.0
Stealth        | |  5.8

Action                   |  1- 3 |  4- 6 |  7- 9 || total
-------------------------+-------+-------+-------++-------
Melee: Dagger            |    72 |    99 |    61 ||   232
       Constrict         |    13 |    23 |    11 ||    47
       Tentacles         |     9 |    25 |    17 ||    51
Throw: Dart              |     2 |    18 |     7 ||    27
Evoke: Wand              |       |       |     6 ||     6
  Use: Scroll            |       |     4 |       ||     4
       Potion            |       |       |     2 ||     2
 Stab: Sleeping          |     9 |    11 |     8 ||    28
       Distracted        |       |     1 |       ||     1
Armor: Skin              |     7 |     6 |     2 ||    15
Dodge: Dodged            |    29 |    41 |    30 ||   100
Block: Buckler           |     1 |     8 |    11 ||    20
